 Dungeon Crawl Stone Soup version 0.28-a0-1356-g2ad6d04315 (console) character file.

Game seed: 5281586941573416476

141 petzl the Vexing (level 5, -12/33 (38) HPs)
             Began as a Formicid Arcane Marksman on Dec 30, 2021.
             Killed by divine providence
             ... invoked by an orc priest
              (14 damage)
             ... on level 3 of the Dungeon on Dec 31, 2021.
             The game lasted 00:10:33 (2986 turns).

petzl the Vexing (Formicid Arcane Marksman)         Turns: 2986, Time: 00:10:34

HP:   -12/33 (38)   AC: 14    Str: 20    XL:     5   Next: 48%
MP:   9/9           EV: 10    Int: 15    God:
Gold: 119           SH:  0    Dex: 11    Spells: 8/9 levels left

rFire   . . .      SeeInvis +   b - +0 mace
rCold   . . .      Faith    .   (no shield)
rNeg    . . .      Spirit   .   j - +4 scale mail
rPois   .          Reflect  .   (helmet unavailable)
rElec   .          Harm     .   (no cloak)
rCorr   .          Rampage  .   (no gloves)
Will    .....                   (no boots)
Stlth   ..........              (no amulet)
HPRegen 0.11/turn               k - +6 ring of strength
MPRegen 0.11/turn               q - +4 ring of protection

@: heavily drained
A: permanent stasis, dig shafts and tunnels, antennae 3, four strong arms
a: Dig, Shaft Self


You were on level 3 of the Dungeon.
You visited 1 branch of the dungeon, and saw 4 of its levels.

You collected 119 gold pieces.

Inventory:

Hand Weapons
 a - a +0 hand crossbow
 b - a +0 mace (weapon)
 t - a +0 long sword
Missiles
 c - 34 bolts
Armour
 d - a +0 robe
 j - a +4 scale mail (worn)
Jewellery
 e - a ring of protection from fire
 k - a +6 ring of strength (left hand)
 q - a +4 ring of protection (right hand)
 v - an amulet of regeneration
Scrolls
 g - a scroll of enchant weapon {unknown}
 h - a scroll of fear {unknown}
 i - 2 scrolls of teleportation {unknown}
 m - 2 scrolls of identify {unknown}
 n - a scroll of immolation {unknown}
 p - a scroll of silence {unknown}
 s - a scroll of amnesia {unknown}
 u - a scroll of fog {unknown}
Potions
 f - 2 potions of mutation {unknown}
 o - a potion of berserk rage {unknown}
 r - a potion of flight {unknown}


   Skills:
 + Level 2.2 Fighting
 - Level 0.6 Short Blades
 + Level 0.3 Maces & Flails
 + Level 2.4 Crossbows
 + Level 1.6 Armour
 + Level 2.3 Dodging
 + Level 1.9 Stealth
 * Level 2.7 Spellcasting
 - Level 3.6 Hexes


You had 8 spell levels left.
You knew the following spells:

 Your Spells              Type           Power      Damage    Failure   Level
a - Slow                  Hex            48%        N/A       14%         1

Your spell library contained the following spells:

 Spells                   Type           Power      Damage    Failure   Level
 Inner Flame              Hex/Fire       7%         N/A       65%         3
 Portal Projectile        Hex/Tloc       14%        N/A       65%         3
 Cause Fear               Hex            6%         N/A       80%         4


Dungeon Overview and Level Annotations

Branches:
Dungeon (4/15)
 Temple: D:4-7

Altars:
Okawaru
Uskayaw

Annotations:
D:3 Grinder


Innate Abilities, Weirdness & Mutations

You cannot be hasted, slowed, berserked, paralysed or teleported.
You can dig through walls and to a lower floor.
You have a pair of large antennae on your head. (SInv)
Your four strong arms can wield two-handed weapons with a shield.


Message History

Press: ? - help, Shift-Dir - straight line, f - orc priest
Aim: an orc priest, wielding a +0 whip and wearing a +0 scale mail (chance to affect: 50%)
You miscast Slow.
You are very lightly contaminated with residual magic.
Nothing appears to happen.
The orc priest invokes the aid of Beogh against you.
Beogh smites you!
* * * LOW HITPOINT WARNING * * *
You feel better. The orc priest barely misses you.
You barely miss the orc priest.
The orc priest hits you but does no damage.
You aren't carrying any items that you can evoke.
Unknown command.
Unknown command.
Unknown command.
Unknown command.
Unknown command.
Unknown command.
You hit the orc priest.
The orc priest is moderately wounded.
The orc priest completely misses you.
You barely miss the orc priest.
The orc priest is moderately wounded.
The orc priest hits you but does no damage.
The orc priest mumbles some strange prayers to Beogh against you.
Beogh smites you!
* * * LOW HITPOINT WARNING * * *
You hit the orc priest but do no damage.
The orc priest is moderately wounded.
The orc priest hits you but does no damage.
Your magical contamination has completely faded away.
You closely miss the orc priest.
The orc priest is moderately wounded.
The orc priest barely misses you.
You barely miss the orc priest.
The orc priest is moderately wounded.
The orc priest barely misses you.
The orc priest calls down the wrath of Beogh upon you.
Beogh smites you!
You die...

##.## #.# #.# #.# #.# #.#
#.# #.# #.# #.# #.# #.# #.#
#.# #.# #.# ..# #.# #.# #.##
#.# #####.#### #.###..# #.#
#.....####....#.# #.#
#.###....####.#.# #.#
####.######.# #.#.# #.. ..
#.......# #.# #.#.# #..
#..#..†....# #.# #.#.# { .
#..#.......###.# #.#.#
.###...††._.....#.# #.#.# {
.....##†......#...# ##.#.# {
...# #†..†...###.###....#
#..# #.......#.......#..#
#..# ####†####...###...##
#..# #.# #.........##
###..######.# #.o########
#.........#.# #.@#
.########.##..###.#.# #..#
..#...........# #.#.# #..###
#.#.##........###...# #....#
#.#.##.#...#......### ##.#.#
#.#......#.........# #.#.#
...)...#...#.##.##.#####.#.#
..#..####.......#........<.#
.^#..####..###..#..#####.###
#..........# #.....#####)#
.....#####.###.###.......#
###.## #.....# #########
#.########.### #..........#
############


You could see an orc priest.

Vanquished Creatures
  Terence (D:2)
  4 adders
  2 worms (D:2)
  A dart slug (D:1)
  3 orcs (D:2)
  11 endoplasms
  A giant cockroach (D:1)
  8 goblins
  10 hobgoblins
  8 ball pythons (D:2)
  3 bats
  4 frilled lizards
  3 kobolds
  6 rats
65 creatures vanquished.

Notes
Turn   | Place    | Note
-------+----------+-------------------------------------------
     0 | D:1      | petzl the Formicid Arcane Marksman began the quest for the
                  | Orb.
     0 | D:1      | Reached XP level 1. HP: 15/15 MP: 2/2
    87 | D:1      | Reached XP level 2. HP: 18/21 MP: 4/4
   268 | D:1      | Found a faded altar of an unknown god.
   282 | D:1      | Reached skill level 1 in Stealth
   282 | D:1      | Reached XP level 3. HP: 22/26 MP: 5/5
   877 | D:2      | Reached skill level 1 in Armour
  1267 | D:2      | Reached XP level 4. HP: 33/33 MP: 7/7
  1440 | D:2      | Noticed Terence
  1986 | D:2      | Found an iron altar of Okawaru.
  2286 | D:2      | Killed Terence
  2287 | D:2      | Reached XP level 5. HP: 38/38 MP: 6/8
  2620 | D:3      | Found a hide-covered altar of Uskayaw.
  2877 | D:3      | Noticed Grinder
  2986 | D:3      | Killed from afar by an orc priest

Illustrated notes

Levels and vault maps discovered:
D:1:      lemuel_arrival_funnel, layout_basic, basic_ecumenical_altar
D:2:      minmay_spotlight, layout_loops_corners, basic_altar, uniq_terence
D:3:      layout_loops_ring, nicolae_uskayaw_murder_on_the_dancefloor,
          uniq_grinder, uniq_natasha
D:4:      layout_basic, mainiacjoe_overflow_alcove_4, evilmike_ruin_ashenzari

Skill      XL: |  1  2  3  4 |
---------------+-------------+-----
Stealth        | 1 |  1.9
Dodging        | 2 |  2.3
Spellcasting   | 2 |  2.7
Armour         | 1 |  1.6
Fighting       | 2 |  2.2
Short Blades   | |  0.6
Maces & Flails | |  0.3
Crossbows      | |  2.4
Hexes          | |  3.6

Action                   |  1- 3 |  4- 6 || total
-------------------------+-------+-------++-------
Melee: Short sword       |    32 |    71 ||   103
       Long sword        |       |    17 ||    17
       Mace              |       |    28 ||    28
 Fire: Hand crossbow     |    41 |    18 ||    59
 Cast: Slow              |     1 |     7 ||     8
 Abil: Dig               |       |     1 ||     1
  Use: Potion            |       |     1 ||     1
Armor: Robe              |     6 |       ||     6
       Scale mail        |     6 |    70 ||    76
Dodge: Dodged            |    13 |    78 ||    91

Table legend: (Time is in decaauts)
 A = Elapsed time spent in this place.
 B = Non-inter-level travel time spent in this place.
 C = Inter-level travel time spent in this place.
 D = Time resting spent in this place.
 E = Time spent auto-exploring this place.
 F = Levels seen in this place.
 G = Mean time per level.
                   A        B        C        D        E       F      G
               +--------+--------+--------+--------+--------+-----+--------+
         Total |   3033 |   2813 |    220 |    669 |   1304 |   4 |  758.2 |
       Dungeon |   3033 |   2813 |    220 |    669 |   1304 |   4 |  758.2 |
               +--------+--------+--------+--------+--------+-----+--------+

Top non-repeatable levels by time:
     D:2: 1560 daAuts
     D:1: 993 daAuts
     D:3: 477 daAuts
     D:4: 1 daAuts
